 Dungeon Crawl Stone Soup version 0.14-a0-882-gdff4d47 (webtiles) character file.

4421 PolkaDot the Cloud Mage (level 10, -3/61 HPs)
             Began as a Vampire Wizard on Nov 17, 2013.
             Was a Believer of Sif Muna.
             Engulfed by their own flame (8 damage)
             ... on Level 9 of the Dungeon.
             The game lasted 01:07:47 (9954 turns).

PolkaDot the Cloud Mage (Vampire Wizard)            Turns: 9954, Time: 01:07:47

HP  -3/61        AC  4     Str  6      XL: 10   Next:  6%
MP   0/20        EV 12     Int 23      God: Sif Muna [**....]
Gold 302         SH  0     Dex  9 (12) Spells:  5 memorised,  4 levels left

Res.Fire  : + . .   See Invis. : +   s - +0,+1 scythe (freeze)
Res.Cold  : . . .   Warding    : .   a - +0 robe
Life Prot.: + + .   Conserve   : .   (no shield)
Res.Poison: +       Res.Corr.  : .   b - +0 wizard hat
Res.Elec. : .       Clarity    : .   v - +1 cloak
Sust.Abil.: . .     Spirit.Shd : .   (no gloves)
Res.Mut.  : .       Stasis     : .   (no boots)
Res.Rott. : +       Flight     : .   (no amulet)
Saprovore : . . .                    (no ring)
                                     l - ring of fire

@: regenerating slowly, invisible, very slightly contaminated, somewhat
resistant to hostile enchantments, fairly stealthy
A: bottle blood, fangs 3, see invisible, unbreathing
a: Bat Form, Bottle Blood, Channel Energy, Forget Spell, Renounce Religion


You were on level 9 of the Dungeon.
You worshipped Sif Muna.
Sif Muna was pleased with you.
You were thirsty.

You visited 1 branch of the dungeon, and saw 9 of its levels.
You also visited: Sewer.

You collected 302 gold pieces.

Inventory:

Hand weapons
 s - a +0,+1 scythe of freezing (weapon)
Armour
 a - a +0 robe (worn)
 b - a +0 wizard hat (worn)
 v - a +1 cloak (worn)
Magical devices
 d - a wand of flame (19)
 h - a wand of random effects (13) {unknown}
 r - a wand of teleportation (1)
 u - a wand of magic darts (12)
Scrolls
 f - 2 scrolls of remove curse
 g - a scroll of teleportation
 i - a scroll of blinking
 q - a scroll of fear
 y - 4 scrolls of identify
Jewellery
 l - a ring of fire (left hand)
Potions
 e - a potion of magic
 j - 8 potions of curing
 k - a potion of heal wounds
 m - 2 potions of flight
 n - 2 potions of might
 o - a potion of brilliance
 A - a potion of agility
Books
 c - a book of Minor Magic

   Spells                             Type                      Level
   *Magic Dart                        Conjuration                  1
   *Blink                             Translocation                2
   Call Imp                           Summoning                    2
   *Repel Missiles                    Charms/Air                   2
   Slow                               Hexes                        2
   *Conjure Flame                     Conjuration/Fire             3
   *Mephitic Cloud                    Conjuration/Poison/Air       3
 p - a book of Unlife

   Spells                             Type                      Level
   Recall                             Summoning/Translocation      3
   Animate Dead                       Necromancy                   4
   Control Undead                     Necromancy                   4
   Twisted Resurrection               Necromancy                   5
   Death Channel                      Necromancy                   6
   Simulacrum                         Ice/Necromancy               6


   Skills:
 - Level 2.1 Dodging
 - Level 3.0 Stealth
 - Level 3.0 Spellcasting
 - Level 5.6 Conjurations
 + Level 5.5 Charms
   Level 1.0 Summonings
 - Level 0.7 Translocations
 + Level 5.5 Fire Magic
 * Level 9.1 Air Magic


You had 4 spell levels left.
You knew the following spells:

 Your Spells              Type           Power        Failure   Level  Hunger
a - Magic Dart            Conj           ####         1%          1    None
d - Mephitic Cloud        Conj/Pois/Air  ####....     6%          3    ###....
q - Blink                 Tloc           N/A          17%         2    ##.....
s - Conjure Flame         Conj/Fire      #####...     4%          3    ###....
D - Repel Missiles        Chrm/Air       #####.....   1%          2    ##.....


Dungeon Overview and Level Annotations

Branches:
Dungeon (9/16)             Temple (0/1) D:7             Orc (0/4) D:7
   Lair: D:8-13

Altars:
Fedhas
Sif Muna
Vehumet
Zin

Shops:
D:5 +(/

Annotations:
D:8 timbw's ghost, experienced DjGl


Innate Abilities, Weirdness & Mutations

You heal slowly.
You can bottle blood from corpses.
You have razor-sharp teeth.*
You have supernaturally acute eyesight.
You can survive without breathing.*


Message History

The elephant tramples you.
You stumble backwards!
You are very lightly contaminated with residual magic.
You are engulfed in roaring flames.
You resist.
Things that are here:
a giant spiked club; an ogre corpse
Casting: Conjure Flame
Confirm with . or Enter, or press ? or * to list all spells.
You miscast Blink.
You feel a strange surge of energy!
You are engulfed in roaring flames.
You resist.
One of your 3 scrolls of remove curse catches fire!
* * * LOW HITPOINT WARNING * * *
Casting: Blink
Confirm with . or Enter, or press ? or * to list all spells.
You don't have enough magic to cast that spell.
Unknown command.
You are engulfed in roaring flames.
You resist.
* * * LOW HITPOINT WARNING * * *
You are engulfed in roaring flames.
You resist.
One of your 2 scrolls of blinking catches fire!
You die...

#..........# #....#####..
#..........# #....# #..
#..........# #....# #..
#.......<..# #....# #..
#..........# #....# #..
##.##.###### #§...# #..
####.##.# #....# #..
#.....#.###########)...#####..
#.......§Y§§§@).).............
#.....#.##########..........
#.(...#.###.....##..........
#................(.........
###..#..###.....##.........
#.......................#
....#..###...............
....#..# #.............. ..
#..# #.............


You could see an elephant (wandering).

Vanquished Creatures
  Maurice (D:8)
  A two-headed ogre (D:8)
  A wyvern (D:8)
  A hungry ghost (D:7)
  Edmund (D:4)
  6 orc warriors
  A sky beast (D:8)
  2 ice beasts
  4 ogres
  A crocodile (D:9)
  2 centaurs (D:6)
  Sigmund (D:5)
  2 giant frogs
  2 big kobolds (Sewer)
  A hippogriff zombie (D:8)
  2 crimson imps
  A jelly (D:9)
  2 quasits (D:8)
  A giant frog skeleton (D:5)
  3 orc priests
  2 hounds
  9 worker ants
  6 orc wizards
  Jessica (D:3)
  Terence (D:3)
  10 adders
  3 gnolls (D:7)
  A green rat (Sewer)
  2 giant centipedes (D:4)
  2 worms (D:2)
  2 iguana zombies
  An adder skeleton (D:5)
  21 grey rats (Sewer)
  A giant eyeball (D:5)
  4 giant geckos
  4 oozes
  23 orcs
  11 ball pythons
  6 giant cockroaches
  8 goblins
  16 hobgoblins
  27 kobolds
  4 quokkas
  19 bats
  4 giant newts
  3 giant spores
  8 jackals
  A kobold zombie (D:7)
  An orc zombie (D:6)
  15 rats
  5 ballistomycetes
257 creatures vanquished.

Vanquished Creatures (collateral kills)
  A giant centipede (D:4)
1 creature vanquished.

Vanquished Creatures (others)
  A worker ant (D:8)
  A jackal (D:8)
  A bush (D:6)
3 creatures vanquished.

Grand Total: 261 creatures vanquished

Notes
Turn   | Place    | Note
--------------------------------------------------------------
     0 | D:1      | PolkaDot, the Vampire Wizard, began the quest for the Orb.
     0 | D:1      | Reached XP level 1. HP: 11/11 MP: 6/6
   149 | D:1      | Reached skill level 1 in Conjurations
   399 | D:1      | Reached XP level 2. HP: 17/17 MP: 0/8
  1199 | D:2      | Reached XP level 3. HP: 22/22 MP: 2/10
  1525 | D:2      | Learned a level 3 spell: Conjure Flame
  1529 | D:2      | Learned a level 3 spell: Mephitic Cloud
  1760 | D:2      | Reached XP level 4. HP: 28/28 MP: 8/12
  2404 | D:3      | Noticed Terence
  2448 | D:3      | Killed Terence
  2541 | D:3      | Noticed Jessica
  2543 | D:3      | Killed Jessica
  2952 | D:3      | Reached XP level 5. HP: 33/33 MP: 9/13
  3138 | D:4      | Noticed an ogre
  3150 | D:4      | Killed an ogre
  3150 | D:4      | Reached skill level 4 in Conjurations
  3357 | D:4      | Noticed Edmund
  3378 | D:4      | Found a glowing drain.
  3402 | D:4      | Reached XP level 6. HP: 39/39 MP: 5/15
  3408 | Sewer    | Entered a sewer
  3707 | Sewer    | Reached skill level 5 in Conjurations
  4566 | D:4      | Reached XP level 7. HP: 44/44 MP: 4/17
  4781 | D:4      | Killed Edmund
  4781 | D:4      | Reached skill level 1 in Fire Magic
  4781 | D:4      | Reached skill level 1 in Air Magic
  5121 | D:5      | Entered Level 5 of the Dungeon
  5320 | D:5      | Noticed Sigmund
  5341 | D:5      | Killed Sigmund
  5372 | D:5      | Found Brischi's Book Emporium.
  5471 | D:5      | Found Veered's Weapon Shop.
  5487 | D:5      | Found Bateklan's Magical Wand Shop.
  5517 | D:5      | Found a glowing silver altar of Zin.
  5850 | D:5      | Found a radiant altar of Vehumet.
  6447 | D:6      | Reached XP level 8. HP: 23/50 MP: 11/18
  6512 | D:6      | Learned a level 2 spell: Blink
  6518 | D:6      | Learned a level 2 spell: Repel Missiles
  6760 | D:6      | Reached skill level 5 in Air Magic
  6814 | D:6      | Found a blossoming altar of Fedhas.
  6853 | D:6      | Found a deep blue altar of Sif Muna.
  7229 | D:7      | Reached skill level 1 in Charms
  7234 | D:7      | Reached skill level 6 in Air Magic
  7806 | D:6      | Became a worshipper of Sif Muna the Loreminder
  7934 | D:7      | Found a staircase to the Ecumenical Temple.
  7940 | D:7      | Reached XP level 9. HP: 48/55 MP: 13/19
  8354 | D:7      | HP: 1/55 [orc warrior/orcish war axe (22)]
  8380 | D:7      | Reached skill level 7 in Air Magic
  8452 | D:7      | Acquired Sif Muna's first power
  8464 | D:7      | Found a staircase to the Orcish Mines.
  8821 | D:8      | Noticed Maurice
  8856 | D:8      | Killed Maurice
  8864 | D:8      | Acquired Sif Muna's second power
  8864 | D:8      | Reached skill level 5 in Fire Magic
  8864 | D:8      | Reached skill level 8 in Air Magic
  9385 | D:8      | Reached skill level 5 in Charms
  9502 | D:8      | Noticed timbw's ghost (experienced DjGl)
  9865 | D:9      | Reached skill level 9 in Air Magic
  9865 | D:9      | Reached XP level 10. HP: 28/61 MP: 5/20
  9948 | D:9      | Noticed an elephant
  9954 | D:9      | Engulfed by their own flame

Action                   |  1- 3 |  4- 6 |  7- 9 | 10-12 || total
-------------------------+-------+-------+-------+-------++-------
Melee: Unarmed           |    40 |    48 |    15 |       ||   103
       Scythe            |       |       |   414 |    18 ||   432
       Dagger            |       |       |    32 |       ||    32
 Cast: Magic Dart        |    90 |   180 |   174 |     3 ||   447
       Conjure Flame     |     2 |     4 |    77 |     7 ||    90
       Mephitic Cloud    |     1 |    10 |    33 |     1 ||    45
       Repel Missiles    |       |       |     2 |       ||     2
       Blink             |       |       |     3 |       ||     3
Invok: Channel Energy    |       |       |    78 |     4 ||    82
 Abil: Bottle Blood      |       |    10 |    32 |       ||    42
       End Transformatio |       |       |     2 |       ||     2
       Bat Form          |       |       |     2 |       ||     2
  Use: Potion            |       |    13 |    43 |     2 ||    58
       Scroll            |       |    16 |     7 |       ||    23
 Stab: Sleeping          |       |     1 |     9 |       ||    10
       Confused          |       |       |     9 |       ||     9
